 Dungeon Crawl Stone Soup version 0.21.0-22-g11d5b52 (webtiles) character file.

2545 mopl the Martial Artist (level 9, -1/66 HPs)
             Began as a Barachi Transmuter on Jan 18, 2018.
             Was an Elder of Cheibriados.
             Slain by a two-headed ogre
             ... wielding a +0 dire flail
              (19 damage)
             ... on level 8 of the Dungeon.
             The game lasted 00:14:21 (7818 turns).

mopl the Martial Artist (Barachi Transmuter)        Turns: 7818, Time: 00:14:22

Health: -1/66      AC:  2    Str: 21    XL:     9   Next: 55%
Magic:  19/22      EV: 25    Int: 26    God:    Cheibriados [****..]
Gold:   311        SH:  0    Dex: 26    Spells: 4/14 levels left

rFire    . . .     SeeInvis .     - Unarmed
rCold    . . .     Gourm    .   (shield currently unavailable)
rNeg     . . .     Faith    +   (armour currently unavailable)
rPois    x         Spirit   .   (helmet currently unavailable)
rElec    .         Reflect  .   (cloak currently unavailable)
rCorr    .         Harm     .   (gloves currently unavailable)
MR       .....                  (boots currently unavailable)
Stlth    ++........             D - amulet of faith {!P}
HPRegen  0.21/turn              r - ring of wizardry
MPRegen  0.18/turn              t - ring of magical power

@: spider-form, very slow
A: tiny, +LOS, swims
a: End Transformation, Bend Time, Temporal Distortion, Slouch, Renounce Religion


You were on level 8 of the Dungeon.
You worshipped Cheibriados.
Cheibriados was greatly pleased with you.
You were not hungry.
You were a venomous arachnid creature.
You visited 2 branches of the dungeon, and saw 9 of its levels.
You also visited: Sewer.

You collected 403 gold pieces.
You spent 92 gold pieces at shops.

Inventory:

Hand Weapons
 F - a +0 hand axe of flaming
Missiles
 a - 64 arrows
 h - 23 poisoned needles
 E - 8 tomahawks (quivered)
Armour
 b - a +0 robe (melded)
 f - a +0 helmet (melded)
 y - a +0 buckler
 B - a +0 cloak (melded)
Magical Staves
 k - an uncursed staff of power {unknown}
Jewellery
 r - a ring of wizardry (left front leg)
 t - a ring of magical power (right front leg)
 D - an amulet of faith (around neck) {!P}
Wands
 s - a wand of digging (12)
 G - a wand of enslavement (12)
Scrolls
 e - a scroll of enchant weapon {unknown}
 g - a scroll of fog {unknown}
 i - 9 scrolls of teleportation
 j - 3 scrolls of amnesia {unknown}
 m - a scroll of enchant armour {unknown}
 p - 5 scrolls of remove curse {unknown}
 v - 4 scrolls of immolation {unknown}
 C - a scroll of magic mapping {unknown}
 I - a scroll of torment {unknown}
 J - a scroll of fear {unknown}
Potions
 l - 2 potions of resistance
 n - a potion of lignification {!q}
 o - 2 potions of brilliance
 q - 3 potions of agility
 u - a potion of curing
 w - 3 potions of degeneration {unknown}
 x - 2 potions of invisibility {unknown}
 z - 3 potions of flight {unknown}
 A - a potion of ambrosia
Books
 c - a book of Changes

   Spells                             Type                      Level
   a - Beastly Appendage              Transmutation                1
   b - Sticks to Snakes               Transmutation                2
   c - Spider Form                    Transmutation/Poison         3
   d - Ice Form                       Ice/Transmutation            4
   e - Blade Hands                    Transmutation                5
Comestibles
 d - 11 rations
 H - 16 chunks of flesh


   Skills:
 + Level 4.7 Fighting
 + Level 0.0 Throwing
 + Level 4.7 Dodging
 * Level 9.2 Unarmed Combat
 - Level 3.1 Spellcasting
 + Level 6.3 Transmutations
 - Level 2.7 Ice Magic
 - Level 2.0 Poison Magic
 + Level 4.0 Invocations


You had 4 spell levels left.
You knew the following spells:

 Your Spells              Type           Power        Failure   Level  Hunger
a - Beastly Appendage     Tmut           #####.       1%          1    None
b - Spider Form           Tmut/Pois      ####......   6%          3    ###....
d - Ice Form              Ice/Tmut       ####....     13%         4    ####...
w - Sticks to Snakes      Tmut           #####...     2%          2    #......


Dungeon Overview and Level Annotations

Branches:
Dungeon (8/15)             Temple (1/1) D:4
   Lair: D:8-11

Altars:
Cheibriados
Dithmenos
Elyvilon
Fedhas
Kikubaaqudgha
Nemelex Xobeh
Qazlal
Sif Muna
Xom
Yredelemnul
The Shining One

Shops:
D:4 (   D:8 *(=


Innate Abilities, Weirdness & Mutations

Shadows flee at your approach. (+LOS)
You can swim through water.
((You cover ground slowly.))
((You can hop short distances.))


Message History

The two-headed ogre is lightly wounded.
Unknown command.
You bite the two-headed ogre!
The two-headed ogre is poisoned.
The two-headed ogre is moderately wounded.
The two-headed ogre completely misses you.
The two-headed ogre hits you with a giant club!
Unknown command.
You bite the two-headed ogre!
The two-headed ogre looks as sick as possible!
The two-headed ogre is moderately wounded.
The two-headed ogre hits you with a dire flail.
* * * LOW HITPOINT WARNING * * *
The two-headed ogre completely misses you.
Unknown command.
You hit the two-headed ogre.
The two-headed ogre looks as sick as possible!
The two-headed ogre is heavily wounded.
The two-headed ogre closely misses you.
The two-headed ogre hits you with a giant club!!
You die...

....... . ......
.# ...... .#
#G#[.####..# .. #
#.#........# #. #
####.#.......#
#..###
#......Z(.##..#
#.... #
#....##O### ##...
###.##....##s#
#...#
[...>.....##)###
#.###
.###..........###
#. #( #
##....#.##...##
#..#.###
#####..##.#[.#
#......
#..#####รท###
##.#...
#....#.....# #.##
#.####..#..#
##.## #.# #.###.#
###..#


You could see a two-headed ogre and a centaur zombie.

Vanquished Creatures
  A gargoyle (D:8)
  Duvessa (D:4)
  An ice beast (D:6)
  A sky beast (D:7)
  A hornet zombie (D:6)
  2 black bears (D:7)
  2 eyes of draining (D:8)
  2 phantoms
  3 bullfrogs
  Dowan (D:4)
  A scorpion (D:7)
  5 wights (D:6)
  5 howler monkeys
  A bullfrog skeleton (D:5)
  A hound (D:7)
  An orc wizard (D:6)
  Crazy Yiuf (D:4)
  2 centaur skeletons
  3 iguanas
  5 worker ants
  A hound skeleton (D:7)
  9 adders
  A gnoll (D:1)
  A shadow imp (D:7)
  5 oozes
  An adder skeleton (D:5)
  9 worms
  2 dart slugs
  6 leopard geckos
  8 orcs
  19 bats
  7 giant cockroaches
  6 goblins
  12 hobgoblins
  9 jackals
  7 quokkas
  3 ball pythons
  7 frilled lizards
  A jackal zombie (D:5)
  14 kobolds
  2 leopard gecko skeletons
  2 quokka zombies (D:5)
  9 rats
181 creatures vanquished.

Notes
Turn   | Place    | Note
-------+----------+-------------------------------------------
     0 | D:1      | mopl the Barachi Transmuter began the quest for the Orb.
     0 | D:1      | Reached XP level 1. HP: 15/15 MP: 3/3
    24 | D:1      | Reached XP level 2. HP: 21/21 MP: 3/5
    28 | D:1      | Learned a level 2 spell: Sticks to Snakes
    48 | D:1      | Reached skill level 4 in Unarmed Combat
   138 | D:1      | Reached XP level 3. HP: 10/26 MP: 4/6
   143 | D:1      | Learned a level 3 spell: Spider Form
  1028 | D:2      | Reached skill level 3 in Transmutations
  1154 | D:2      | Reached skill level 1 in Poison Magic
  1154 | D:2      | Reached XP level 4. HP: 18/32 MP: 1/7
  1820 | D:3      | HP: 1/32 [worm (11)]
  2926 | D:4      | Reached skill level 5 in Unarmed Combat
  2926 | D:4      | Reached XP level 5. HP: 37/37 MP: 8/8
  2967 | D:4      | Found a sparkling altar of Nemelex Xobeh.
  2978 | D:4      | Found a white marble altar of Elyvilon.
  3079 | D:4      | Found Hawouw's Antique Weapon Shoppe.
  3105 | D:4      | Found a staircase to the Ecumenical Temple.
  3117 | Temple   | Entered the Ecumenical Temple
  3130 | Temple   | Became a worshipper of Cheibriados the Contemplative
  3322 | D:4      | Found a glowing drain.
  3326 | Sewer    | Entered a sewer
  3343 | Sewer    | Reached * piety under Cheibriados
  3625 | Sewer    | Reached skill level 2 in Poison Magic
  3860 | Sewer    | Reached XP level 6. HP: 36/43 MP: 10/10
  3877 | Sewer    | Learned a level 4 spell: Ice Form
  4413 | D:4      | Found a blossoming altar of Fedhas.
  4417 | D:4      | Noticed Duvessa
  4417 | D:4      | Noticed Dowan
  4436 | D:4      | Killed Duvessa
  4436 | D:4      | Reached skill level 3 in Spellcasting
  4436 | D:4      | Reached skill level 4 in Transmutations
  4436 | D:4      | Reached skill level 1 in Ice Magic
  4440 | D:4      | Killed Dowan
  4440 | D:4      | Reached skill level 6 in Unarmed Combat
  4440 | D:4      | Reached skill level 1 in Invocations
  4711 | D:4      | Found a runed door.
  4722 | D:4      | You fall through a shaft!
  4722 | D:5      | Entered Level 5 of the Dungeon
  4809 | D:5      | Reached ** piety under Cheibriados
  4909 | D:5      | Found a glowing golden altar of the Shining One.
  4949 | D:5      | Reached XP level 7. HP: 38/48 MP: 11/11
  5025 | D:4      | Noticed Crazy Yiuf
  5035 | D:4      | Killed Crazy Yiuf
  5035 | D:4      | Reached skill level 2 in Ice Magic
  5083 | D:5      | Found a basalt altar of Yredelemnul.
  5403 | D:5      | Found an ancient bone altar of Kikubaaqudgha.
  5645 | D:6      | Found a deep blue altar of Sif Muna.
  5952 | D:6      | Reached skill level 2 in Invocations
  5984 | D:6      | Reached skill level 2 in Fighting
  5984 | D:6      | Reached skill level 7 in Unarmed Combat
  5984 | D:6      | Reached XP level 8. HP: 40/56 MP: 12/12
  6521 | D:6      | Reached skill level 5 in Transmutations
  6528 | D:6      | Reached skill level 3 in Dodging
  6555 | D:6      | Reached *** piety under Cheibriados
  6835 | D:7      | Found a shimmering altar of Xom.
  6835 | D:7      | Found a shimmering altar of Xom.
  6835 | D:7      | Found a shimmering altar of Xom.
  6835 | D:7      | Found a shimmering altar of Xom.
  6835 | D:7      | Found a shimmering altar of Xom.
  6874 | D:7      | Reached skill level 3 in Fighting
  6891 | D:7      | Reached skill level 8 in Unarmed Combat
  6891 | D:7      | Reached skill level 3 in Invocations
  7142 | D:7      | Reached XP level 9. HP: 65/65 MP: 13/13
  7147 | D:7      | Reached skill level 4 in Dodging
  7205 | D:7      | Reached skill level 4 in Fighting
  7633 | D:8      | Found Zentuec's Jewellery Boutique.
  7636 | D:8      | Found Vejots's Antique Weapon Emporium.
  7715 | D:8      | Found Bepo Hui's Assorted Antiques.
  7720 | D:8      | Reached **** piety under Cheibriados
  7722 | D:8      | Bought a scroll labeled JIATAL UDOKHLYTS for 23 gold pieces
  7722 | D:8      | Bought a scroll labeled XIONIPRAARE for 23 gold pieces
  7722 | D:8      | Bought a scroll of identify for 46 gold pieces
  7736 | D:8      | Reached skill level 6 in Transmutations
  7756 | D:8      | Noticed a gargoyle
  7764 | D:8      | Killed a gargoyle
  7764 | D:8      | Reached skill level 9 in Unarmed Combat
  7782 | D:8      | Reached skill level 4 in Invocations
  7807 | D:8      | Noticed a two-headed ogre
  7818 | D:8      | Slain by a two-headed ogre

Skill      XL: |  1  2  3  4  5  6  7  8  9 |
---------------+----------------------------+-----
Unarmed Combat | 4 5 6 7 8 9 |  9.2
Transmutations | 3 4 5 6 |  6.3
Poison Magic   | 1 2 |  2.0
Spellcasting   | 3 |  3.1
Ice Magic      | 1 2 |  2.7
Invocations    | 1 2 3 4 |  4.0
Fighting       | 2 3 4 |  4.7
Dodging        | 3 4 |  4.7

Action                   |  1- 3 |  4- 6 |  7- 9 || total
-------------------------+-------+-------+-------++-------
Melee: Unarmed           |   113 |   311 |   202 ||   626
       Headbutt          |     1 |       |       ||     1
       Kick              |     8 |     4 |       ||    12
       Punch             |     1 |     5 |     5 ||    11
 Cast: Beastly Appendage |    13 |     6 |       ||    19
       Spider Form       |     3 |    16 |     9 ||    28
       Ice Form          |       |       |    10 ||    10
       Sticks to Snakes  |       |       |     1 ||     1
Invok: Bend Time         |       |     1 |       ||     1
 Abil: End Transformatio |       |       |     4 ||     4
  Use: Scroll            |     4 |     2 |     2 ||     8
       Potion            |       |     2 |       ||     2
 Stab: Sleeping          |       |     2 |     7 ||     9
       Distracted        |       |       |     2 ||     2
  Eat: Chunk             |     2 |    10 |     8 ||    20
       Ration            |       |     1 |       ||     1
Armor: Robe              |    31 |    46 |    12 ||    89
       Skin              |       |    15 |    18 ||    33
Dodge: Dodged            |    95 |   322 |   124 ||   541
